 Dungeon Crawl Stone Soup version 0.29-a0-380-gf50f0a9fbc (webtiles) character file.

Game seed: 15362982317273917381

21 domi the Magician (level 2, 0/19 HPs)
             Began as a Demonspawn Hedge Wizard on May 5, 2022.
             Slain by a quokka (5 damage)
             ... on level 1 of the Dungeon.
             The game lasted 00:01:00 (651 turns).

domi the Magician (Demonspawn Hedge Wizard)          Turns: 651, Time: 00:01:01

Health: 0/19       AC:  2    Str: 10    XL:     2   Next: 65%
Magic:  1/6        EV: 12    Int: 15    God:
Gold:   51         SH:  0    Dex: 12    Spells: 6/7 levels left

rFire   . . .      SeeInvis .   a - +0 dagger
rCold   . . .      Faith    .   (no shield)
rNeg    . . .      Spirit   .   b - +0 robe
rPois   .          Reflect  .   c - +0 hat
rElec   .          Harm     .   (no cloak)
rCorr   .          Rampage  .   (no gloves)
Will    .....                   (no boots)
Stlth   ++........              (no amulet)
HPRegen 0.06/turn               (no ring)
MPRegen 0.10/turn               (no ring)

@: no status effects
A: claws 1
a: no special abilities


You were on level 1 of the Dungeon.
You visited 1 branch of the dungeon, and saw 1 of its levels.

You collected 51 gold pieces.

Inventory:

Hand Weapons
 a - a +0 dagger (weapon)
Armour
 b - a +0 robe (worn)
 c - a +0 hat (worn)
Scrolls
 g - a scroll of amnesia {unknown}
 h - a scroll of magic mapping {unknown}
Potions
 d - a potion of magic
 e - a potion of attraction {unknown}
 f - 2 potions of mutation {unknown}
 i - a potion of degeneration {unknown}


   Skills:
 - Level 1.7 Dodging
 - Level 1.7 Stealth
 - Level 3.0 Spellcasting
 + Level 2.7 Conjurations
 - Level 1.0 Summonings
 - Level 0.8 Translocations


You had 6 spell levels left.
You knew the following spells:

 Your Spells              Type           Power      Damage    Failure   Level
z - Magic Dart            Conj           40%        1d5       6%          1

Your spell library contained the following spells:

 Spells                   Type           Power      Damage    Failure   Level
 Slow                     Hex            8%         N/A       21%         1
 Call Imp                 Summ           5%         N/A       21%         2
 Blink                    Tloc           8%         N/A       22%         2
 Conjure Flame            Conj/Fire      6%         6-21      34%         3
 Mephitic Cloud           Conj/Pois/Air  5%         N/A       38%         3


Dungeon Overview and Level Annotations

Branches:
Dungeon (1/15)

Altars:


Innate Abilities, Weirdness & Mutations

You have sharp fingernails.


Message History

You now have 3/6 mp.
You can't see any susceptible monsters within range! (Use Z to cast anyway.)
You can't see any susceptible monsters within range! (Use Z to cast anyway.)
Your magical contamination has completely faded away.
You see here a bat corpse.
A goblin comes into view. It is wielding a +0 dagger.
MP restored: 6 A goblin is nearby!
A goblin is nearby!
A goblin is nearby!
Aim: a goblin, wielding a +0 dagger (100% to hit)
The magic dart hits the goblin.
The goblin hits you with a +0 dagger.
You take 1 damage, and have 18/19 hp.
You now have 5/6 mp.
Aim: a goblin, wielding a +0 dagger (heavily wounded, 100% to hit)
You miscast Magic Dart.
You are very lightly contaminated with residual magic.
Nothing appears to happen.
The goblin barely misses you.
You now have 4/6 mp.
Aim: a goblin, wielding a +0 dagger (heavily wounded, 100% to hit)
The magic dart hits the goblin.
You kill the goblin!
You now have 3/6 mp.
You can't see any susceptible monsters within range! (Use Z to cast anyway.)
You can't see any susceptible monsters within range! (Use Z to cast anyway.)
Your magical contamination has completely faded away.
Health restored: 19 A jackal comes into view.
The jackal barks!
A jackal comes into view. x2
MP restored: 6
There are monsters nearby!
There are monsters nearby!
There are monsters nearby!
There are monsters nearby!
Aim: a jackal (100% to hit)
The magic dart hits the jackal.
The jackal barks! x2
A frilled lizard comes into view.
You now have 5/6 mp.
Aim: a jackal (heavily wounded, 100% to hit)
The magic dart hits the jackal.
You kill the jackal!
The frilled lizard hisses angrily.
You now have 4/6 mp.
Aim: a jackal (100% to hit)
The magic dart hits the jackal.
A quokka comes into view.
You now have 3/6 mp.
Aim: a jackal (severely wounded, 100% to hit)
The magic dart hits the jackal but does no damage.
You now have 2/6 mp.
Aim: a jackal (severely wounded, 100% to hit)
The magic dart hits the jackal.
You kill the jackal!
You now have 1/6 mp.
Aim: a jackal (100% to hit)
The magic dart hits the jackal.
The jackal closely misses you.
You now have 0/6 mp.
You don't have enough magic to cast this spell.
You don't have enough magic to cast this spell.
You don't have enough magic to cast this spell.
You hit the jackal but do no damage.
The jackal bites you but does no damage.
You hit the jackal.
You kill the jackal!
You miss the frilled lizard.
The frilled lizard bites you but does no damage.
You closely miss the frilled lizard. The frilled lizard bites you.
You take 1 damage, and have 18/19 hp.
You miss the frilled lizard. You claw the frilled lizard.
You kill the frilled lizard!
You hit the quokka. The quokka barely misses you.
You completely miss the quokka.
The quokka bites you but does no damage.
The quokka bites you.
You take 1 damage, and have 17/19 hp.
You hit the quokka but do no damage. The quokka bites you.
You take 3 damage, and have 14/19 hp.
You barely miss the quokka. The quokka closely misses you.
You barely miss the quokka. The quokka barely misses you.
You hit the quokka but do no damage. The quokka barely misses you.
An endoplasm comes into view.
You closely miss the quokka.
The quokka bites you but does no damage.
The quokka barely misses you.
You hit the quokka but do no damage. The quokka bites you.
You take 3 damage, and have 11/19 hp.
You hit the quokka but do no damage. The quokka bites you.
You take 3 damage, and have 8/19 hp.
You closely miss the quokka. The quokka bites you.
You take 2 damage, and have 6/19 hp.
You miss the quokka. The quokka barely misses you.
You closely miss the quokka.
The quokka bites you but does no damage.
The quokka bites you.
* * * LOW HITPOINT WARNING * * *
You take 1 damage, and have 5/19 hp.
Aim: a quokka (lightly wounded, 100% to hit)
The magic dart hits the quokka.
The quokka bites you.
You die...

#........
#####).......
#######...........)
#......†...........
#.#####.....##########
# #.# #>....#...)....
###.#
#.....#.##...##+##
....#
#.......##.#......
#####
#.....##@r..†..... #
#.....######...... #
#.....# .†... #######
.$.. ... .. .


You could see a quokka.

Vanquished Creatures
  A dart slug (D:1)
  A giant cockroach (D:1)
  A hobgoblin (D:1)
  3 jackals (D:1)
  A quokka (D:1)
  6 bats (D:1)
  2 frilled lizards (D:1)
  3 goblins (D:1)
  A kobold (D:1)
  A rat (D:1)
20 creatures vanquished.

Notes
Turn   | Place    | Note
-------+----------+-------------------------------------------
     0 | D:1      | domi the Demonspawn Hedge Wizard began the quest for the
                  | Orb.
     0 | D:1      | Reached XP level 1. HP: 13/13 MP: 4/4
   126 | D:1      | Found a faded altar of an unknown god.
   277 | D:1      | Reached skill level 2 in Conjurations
   277 | D:1      | Gained mutation: You have sharp fingernails. [demonic
                  | ancestry]
   277 | D:1      | Reached XP level 2. HP: 16/19 MP: 0/6
   651 | D:1      | Slain by a quokka

Illustrated notes

Levels and vault maps discovered:
D:1:      dpeg_arrival_simpleton_c, layout_basic, ebering_ecumenical_altar_mist,
          hangedman_decor_points, minmay_misc_feat_ornament,
          hangedman_abyss_or_decor_stabs, minmay_octomino_e4

Skill      XL: |  1 |
---------------+----+-----
Conjurations   | 2 |  2.7
Dodging        | |  1.7
Stealth        | |  1.7
Spellcasting   | |  3.0
Summonings     | |  1.0
Translocations | |  0.8

Action                   || total
-------------------------++-------
Melee: Dagger            ||    22
       Punch             ||     2
 Cast: Magic Dart        ||    38
Armor: Robe              ||     6
Dodge: Dodged            ||    13

Table legend: (Time is in decaauts)
 A = Elapsed time spent in this place.
 B = Non-inter-level travel time spent in this place.
 C = Inter-level travel time spent in this place.
 D = Time resting spent in this place.
 E = Time spent auto-exploring this place.
 F = Levels seen in this place.
 G = Mean time per level.
                   A        B        C        D        E       F      G
               +--------+--------+--------+--------+--------+-----+--------+
         Total |    651 |    651 |      0 |     33 |    500 |   1 |  651.0 |
       Dungeon |    651 |    651 |      0 |     33 |    500 |   1 |  651.0 |
               +--------+--------+--------+--------+--------+-----+--------+

Top non-repeatable levels by time:
     D:1: 651 daAuts

Table legend:
 A = Kills in this place as a percentage of kills in entire the game.
 B = Kills by you in this place as a percentage of kills by you in the entire game.
 C = Kills by friends in this place as a percentage of kills by friends in the entire game.
 D = Other kills in this place as a percentage of other kills in the entire game.
 E = Experience gained in this place as a percentage of experience gained in the entire game.
 F = Experience gained in this place divided by the number of levels of this place that you have seen.
                   A       B       C       D       E      F
               +-------+-------+-------+-------+-------+----------------------
         Total | 100.0 | 100.0 |   N/A |   N/A | 100.0 |  31.0
       Dungeon | 100.0 | 100.0 |   N/A |   N/A | 100.0 |  31.0
               +-------+-------+-------+-------+-------+----------------------
